[Event "Titled Tuesday Blitz June 13 Late 2023"]
[White "Fernandez, Maria Florencia"]
[Black "Pert, Richard G"]
[WhiteFideId "116459"]
[BlackFideId "404748"]
[WhiteElo "2074"]
[BlackElo "2441"]
[Result "0-1"]
[Round "9"]
[TimeControl "180+2"]
[Date "2023.06.13"]
[WhiteClock "0:00:00"]
[BlackClock "0:00:14"]
[Board "99"]

1. d4 Nf6 2. c4 e5 3. dxe5 Ng4 4. Nf3 Bc5 5. e3 Nc6 6. Nc3 O-O 7. Be2 Re8 8. O-O a5 9. b3 Ncxe5 10. Nxe5 Nxe5 11. Bb2 Ra6 12. Ne4 Bf8 13. Ng3 Rh6 14. f4 Nc6 15. Nf5 Rg6 16. Bd3 d6 17. Ng3 Rh6 18. Qf3 Nb4 19. Be4 c6 20. a3 Na6 21. Rad1 Qh4 22. h3 Nc5 23. Bc2 d5 24. cxd5 cxd5 25. Rxd5 Be6 26. Re5 Qd8 27. b4 axb4 28. axb4 Nd7 29. Rg5 f6 30. Rh5 g6 31. Rxh6 Bxh6 32. Rd1 Qe7 33. Qxb7 Bf8 34. Bc3 f5 35. Ba4 Rd8 36. b5 Qc5 37. Bd4 Qb4 38. Qa6 Nc5 39. Re1 Nxa6 40. bxa6 Qxa4 41. Rf1 Qxa6 42. Bf6 Rc8 43. Kh2 Bc4 44. Rf2 Qxf6 45. e4 fxe4 46. Nxe4 Qf7 47. Ng5 Qe7 48. h4 Bd5 49. h5 gxh5 50. Nh3 h4 51. f5 Bg7 52. Nf4 Rf8 53. Nh5 Qe5+ 54. Kh3 Rxf5 55. Rxf5 Qxf5+ 56. Kxh4 Qe4+ 57. g4 Qh1+ 58. Kg5 Qc1+ 59. Kf5 Qc2+ 60. Kg5 Qg6+ 61. Kh4 Bf6+ 62. Kg3 Be5+ 63. Kh4 Bd6 64. g5 Be6 65. Nf6+ Kf7 66. Ng4 Qe4 0-1


[Site "https://www.chess.com"]

[Event "Titled Tuesday Blitz June 13 Late 2023"]
[White "Bogaudinov, Rushan"]
[Black "Martins, Vinicius Tine"]
[WhiteFideId "4129288"]
[BlackFideId "2112884"]
[WhiteElo "1967"]
[BlackElo "2373"]
[Result "0-1"]
[Round "9"]
[TimeControl "180+2"]
[Date "2023.06.13"]
[WhiteClock "0:00:10"]
[BlackClock "0:01:08"]
[Board "100"]

1. d4 d5 2. Nf3 c6 3. g3 Bg4 4. Bg2 e6 5. O-O Nd7 6. c4 f5 7. Nc3 Ngf6 8. Ne5 Nxe5 9. dxe5 Nd7 10. f4 Bc5+ 11. Kh1 a5 12. cxd5 cxd5 13. a4 h5 14. h4 Qb6 15. Nb5 O-O 16. Qd3 Nb8 17. Bd2 Nc6 18. Rfc1 Nb4 19. Bxb4 axb4 20. b3 Rfc8 21. Rc2 Bf2 22. Rac1 Rc6 23. Nd6 Ra5 24. Kh2 Rac5 25. Rxc5 Rxc5 26. Rxc5 Qxc5 27. Nxb7 Qc1 0-1


[Site "https://www.chess.com"]

[Event "Titled Tuesday Blitz June 13 Late 2023"]
[White "el_sporco"]
[Black "Golubev, Mikhail"]
[BlackFideId "14100983"]
[WhiteElo "2364"]
[BlackElo "2374"]
[Result "0-1"]
[Round "9"]
[TimeControl "180+2"]
[Date "2023.06.13"]
[WhiteClock "0:00:04"]
[BlackClock "0:00:06"]
[Board "101"]

1. e4 c5 2. Nf3 d6 3. Nc3 Nf6 4. e5 dxe5 5. Nxe5 Nbd7 6. d4 Nxe5 7. dxe5 Qxd1+ 8. Nxd1 Nd5 9. Ne3 Nxe3 10. Bxe3 e6 11. Bb5+ Bd7 12. Bxd7+ Kxd7 13. O-O-O+ Kc6 14. Rd2 Be7 15. Rhd1 Rhd8 16. c4 Rxd2 17. Rxd2 a6 18. Kc2 b5 19. b3 bxc4 20. bxc4 Rb8 21. a3 a5 22. Kc3 a4 23. Rb2 Ra8 24. Rb5 f6 25. Kd3 Rd8+ 26. Ke4 f5+ 27. Kf3 g5 28. g3 Rd3 29. Ra5 Rxa3 30. Ra7 Bd8 31. Ke2 Ra2+ 32. Kd3 a3 33. Kc3 Bc7 34. Kb3 Ra1 35. Rxa3 Rxa3+ 36. Kxa3 Bxe5 37. Bxg5 Bd4 38. f4 Bg1 39. h3 h5 40. Ka4 Bf2 41. Bh4 e5 42. fxe5 f4 43. gxf4 Bxh4 44. f5 Bg3 45. e6 Bh4 46. Ka5 Be7 47. Ka6 Kd6 48. Kb6 Ke5 49. Kc6 Kxf5 50. Kd7 Kf6 51. h4 Bf8 52. Ke8 Bd6 53. Kd7 Be7 54. Kc6 Kxe6 55. Kb5 Bxh4 56. Kxc5 Bf2+ 57. Kb4 h4 58. Kc3 h3 59. Kd3 h2 60. c5 Bxc5 0-1


[Site "https://www.chess.com"]

[Event "Titled Tuesday Blitz June 13 Late 2023"]
[White "Quinones Garcia, Santiago"]
[Black "Srdanovic, Jovana"]
[WhiteFideId "4408497"]
[BlackFideId "954810"]
[WhiteElo "2173"]
[BlackElo "2155"]
[Result "1-0"]
[Round "9"]
[TimeControl "180+2"]
[Date "2023.06.13"]
[WhiteClock "0:00:45"]
[BlackClock "0:00:38"]
[Board "102"]

1. d4 d5 2. c4 c6 3. Nf3 Nf6 4. e3 Bf5 5. Nc3 e6 6. Nh4 Be4 7. f3 Bg6 8. Nxg6 hxg6 9. Qb3 Qb6 10. Bd2 Nbd7 11. O-O-O Qc7 12. h3 Be7 13. e4 dxc4 14. Bxc4 b5 15. Bd3 a5 16. Kb1 a4 17. Qc2 Nb6 18. Nxb5 Qd7 19. Nc3 O-O 20. Be3 Rfb8 21. h4 Ba3 22. Ka1 Nc4 23. Bxc4 Bxb2+ 24. Qxb2 Rxb2 25. Kxb2 a3+ 26. Ka1 Rb8 27. Rb1 Rxb1+ 28. Rxb1 Nh5 29. e5 Ng3 30. Bf2 Nf5 31. Ne2 c5 32. dxc5 Qd2 33. c6 Ne3 34. Bxe3 Qxe3 35. f4 Qc5 36. Bb5 Kh7 37. Ba4 f6 38. exf6 gxf6 39. g4 g5 40. hxg5 fxg5 41. Rc1 Qb4 42. Bb3 Qd2 43. Rc2 Qe1+ 44. Nc1 gxf4 45. c7 Qe5+ 46. Kb1 f3 47. c8=Q f2 48. Qc7+ Qxc7 49. Rxc7+ Kg6 50. Bc4 1-0


[Site "https://www.chess.com"]

[Event "Titled Tuesday Blitz June 13 Late 2023"]
[White "The_Straightforward_Rook"]
[Black "Erzhanov, Arman"]
[BlackFideId "4138821"]
[WhiteElo "2360"]
[BlackElo "2138"]
[Result "0-1"]
[Round "9"]
[TimeControl "180+2"]
[Date "2023.06.13"]
[WhiteClock "0:01:46"]
[BlackClock "0:00:49"]
[Board "103"]

1. Nf3 d6 2. d4 g6 3. e4 Bg7 4. Bd3 a6 5. O-O b5 6. Re1 Bb7 7. a4 c6 8. c3 Nd7 9. Nbd2 Ngf6 10. e5 dxe5 11. dxe5 Nd5 12. e6 fxe6 13. Rxe6 Nc5 14. Rxg6 hxg6 15. Bxg6+ Kf8 16. Ng5 Qd6 17. Qc2 Qxh2+ 18. Kf1 Qh1+ 19. Ke2 Nf4+ 20. Kf3 Nxg6 21. Qf5+ Bf6 22. Nh3 Nh4+ 0-1


[Site "https://www.chess.com"]

[Event "Titled Tuesday Blitz June 13 Late 2023"]
[White "ArchibaldCerveza29"]
[Black "Zherebtsova, Alexandra"]
[BlackFideId "24129518"]
[WhiteElo "2451"]
[BlackElo "2055"]
[Result "1-0"]
[Round "9"]
[TimeControl "180+2"]
[Date "2023.06.13"]
[WhiteClock "0:00:11"]
[BlackClock "0:00:00"]
[Board "104"]

1. e4 e5 2. Nf3 Nc6 3. Bc4 Nf6 4. O-O Nxe4 5. Nc3 Nd6 6. Bd5 Be7 7. Re1 O-O 8. Bxc6 dxc6 9. Nxe5 Bf6 10. d4 Nf5 11. Be3 Re8 12. Ne4 Be7 13. c3 Be6 14. Bf4 Bd5 15. Qg4 Nd6 16. Ng3 Be6 17. Qf3 Bd5 18. Qe2 Bf8 19. Qc2 f6 20. Nd3 Qd7 21. Nc5 Qc8 22. b3 b6 23. Nd3 Ne4 24. Nxe4 Bxe4 25. f3 Bg6 26. Qd2 Qf5 27. Nf2 c5 28. d5 Rad8 29. c4 c6 30. Rxe8 Bxe8 31. Re1 cxd5 32. cxd5 Bf7 33. d6 Qd7 34. Ne4 Bg6 35. Bg3 Bxe4 36. Rxe4 Bxd6 37. Bxd6 Qc6 38. Re6 Kf7 39. Qe3 Rxd6 40. Re7+ Kg6 41. Rxa7 Rd1+ 42. Kf2 Qd6 43. Qe4+ f5 44. Qe7 Kh6 45. Qxd6+ Rxd6 46. Rb7 Rd2+ 47. Kg3 Rxa2 48. Rxb6+ g6 49. Rb7 Rb2 50. Rc7 Rxb3 51. Rxc5 Rb4 52. Rc8 Ra4 53. Rc7 Rb4 54. Ra7 Rc4 55. h3 Rb4 56. h4 Rc4 57. Kh3 Rb4 58. Ra3 Kg7 59. Ra7+ Kh6 60. Ra6 Kg7 61. Ra3 Kh6 62. g4 fxg4+ 63. fxg4 Kg7 64. Kg3 Kg8 65. Ra7 Rb3+ 66. Kf4 Rb4+ 67. Kg5 Rb5+ 68. Kh6 Rb8 69. Rg7+ 1-0


[Site "https://www.chess.com"]

[Event "Titled Tuesday Blitz June 13 Late 2023"]
[White "Sairam, Pranav"]
[Black "SergioMoralesG"]
[WhiteFideId "30951330"]
[WhiteElo "1918"]
[BlackElo "2442"]
[Result "0-1"]
[Round "9"]
[TimeControl "180+2"]
[Date "2023.06.13"]
[WhiteClock "0:02:23"]
[BlackClock "0:02:18"]
[Board "105"]

1. e4 e5 2. Nf3 Nf6 3. Nc3 Nc6 4. Bb5 Nd4 5. Bc4 Nxf3+ 6. Qxf3 Be7 7. O-O O-O 8. Qg3 d6 9. d3 Nh5 10. Qf3 g6 11. Bh6 Ng7 12. Nd5 c6 13. Nf6+ Bxf6 14. Qxf6 Qxf6 0-1


[Site "https://www.chess.com"]

[Event "Titled Tuesday Blitz June 13 Late 2023"]
[White "Arnold, Ken"]
[Black "Korpics, Zsolt"]
[WhiteFideId "2056836"]
[BlackFideId "705241"]
[WhiteElo "2438"]
[BlackElo "2336"]
[Result "1/2-1/2"]
[Round "9"]
[TimeControl "180+2"]
[Date "2023.06.13"]
[WhiteClock "0:00:21"]
[BlackClock "0:00:06"]
[Board "106"]

1. d4 Nf6 2. c4 e6 3. Nf3 b6 4. Nc3 Bb4 5. Bd2 Bb7 6. e3 O-O 7. Be2 d5 8. cxd5 Nxd5 9. Nxd5 Bxd2+ 10. Nxd2 Bxd5 11. Bf3 Bxf3 12. Qxf3 Nd7 13. O-O e5 14. Nb3 exd4 15. Nxd4 Ne5 16. Qg3 Qf6 17. Rac1 c5 18. Nb5 Rfd8 19. Rcd1 Rxd1 20. Rxd1 Rd8 21. Rxd8+ Qxd8 22. h3 Qd1+ 23. Kh2 f6 24. Nxa7 Qa4 25. Nc8 Qxa2 26. Nxb6 Qxb2 27. Nd5 Kf7 28. f4 Nd3 29. Qg4 Qb7 30. Qh5+ Kf8 31. e4 h6 32. Qd1 c4 33. Qa4 Qb3 34. Qd7 Qa3 35. Qd8+ Kf7 36. Qc7+ Kg8 37. Qxc4 Kh7 38. Qc8 Qd6 39. Qf5+ Kh8 40. Qg4 Nc5 41. Qf3 Ne6 42. g3 f5 43. Ne3 fxe4 44. Qxe4 Nc5 45. Qe8+ Kh7 46. Ng2 Ne6 47. Qh5 Qe7 48. Qf3 Nf8 49. h4 Qf7 50. Qe4+ g6 51. h5 Kg7 52. hxg6 Qxg6 53. Qxg6+ Kxg6 54. Kh3 h5 55. Nh4+ Kh6 56. Kg2 Ne6 57. Kf3 Kg7 58. Ke4 Kf6 59. f5 Ng5+ 60. Kf4 Nh3+ 61. Kf3 Ng5+ 62. Kf4 Nh3+ 63. Ke4 Nf2+ 64. Kf3 Nh3 65. g4 Ng5+ 66. Kf4 hxg4 67. Kxg4 Nf7 68. Nf3 Nh6+ 69. Kf4 Nxf5 1/2-1/2


[Site "https://www.chess.com"]

[Event "Titled Tuesday Blitz June 13 Late 2023"]
[White "Lalanne, Pablo"]
[Black "Zhukov, Maksim"]
[WhiteFideId "112151"]
[BlackFideId "34181790"]
[WhiteElo "2120"]
[BlackElo "1925"]
[Result "0-1"]
[Round "9"]
[TimeControl "180+2"]
[Date "2023.06.13"]
[WhiteClock "0:00:01"]
[BlackClock "0:00:15"]
[Board "107"]

1. e4 c5 2. Nf3 d6 3. d4 cxd4 4. Nxd4 Nf6 5. Nc3 a6 6. Bc4 e6 7. Bb3 Be7 8. Be3 O-O 9. Qe2 e5 10. Nf5 Bxf5 11. exf5 d5 12. Nxd5 Nxd5 13. O-O-O Nc3 14. bxc3 Qa5 15. Kb1 Nc6 16. Rd5 b5 17. g4 Ba3 18. Bd2 Rad8 19. Qe4 Nd4 20. Qxe5 Nxb3 21. cxb3 Rxd5 22. Qxd5 Rd8 23. b4 Rxd5 24. bxa5 Rxd2 25. Re1 Kf8 26. f4 Rb2+ 27. Ka1 Rc2 28. Kb1 Rxc3 29. g5 f6 30. h4 h6 31. g6 Rc4 32. Rf1 Ke7 33. h5 Kd6 34. Rd1+ Kc5 35. Rf1 Kb4 36. Rg1 Kxa5 37. Rf1 Ka4 38. Rg1 a5 39. Rf1 b4 40. Rg1 Kb5 41. Rf1 Kc5 42. Rg1 Kd5 43. Re1 Rc1+ 44. Rxc1 Bxc1 45. Kxc1 Ke4 46. Kc2 a4 47. Kb2 Kxf4 0-1


[Site "https://www.chess.com"]

[Event "Titled Tuesday Blitz June 13 Late 2023"]
[White "Buchenau, Frank"]
[Black "Martinez, Ayelen"]
[WhiteFideId "4604350"]
[BlackFideId "118702"]
[WhiteElo "2157"]
[BlackElo "2074"]
[Result "0-1"]
[Round "9"]
[TimeControl "180+2"]
[Date "2023.06.13"]
[WhiteClock "0:00:00"]
[BlackClock "0:00:12"]
[Board "108"]

1. e4 c5 2. Nf3 d6 3. Bb5+ Bd7 4. Bxd7+ Qxd7 5. c4 Nc6 6. d4 cxd4 7. Nxd4 e6 8. Nc3 Be7 9. O-O Nf6 10. Be3 Rc8 11. Qe2 a6 12. Rad1 Nxd4 13. Bxd4 Qc6 14. b3 O-O 15. f4 Rfe8 16. e5 dxe5 17. fxe5 Nd7 18. Ne4 Nc5 19. Nf6+ Bxf6 20. exf6 Qe4 21. Qxe4 Nxe4 22. fxg7 e5 23. Bb2 Rcd8 24. Rxd8 Rxd8 25. Bxe5 Rd2 26. h3 Rxa2 27. Re1 Nc5 28. Rd1 Ne6 29. Rd7 b5 30. cxb5 axb5 31. Rb7 Ra8 32. Rxb5 Nxg7 33. Kf2 Ne8 34. Rb8 Rxb8 35. Bxb8 Nf6 36. Ke3 Kf8 37. Kd4 Ke8 38. Be5 Nd7 39. b4 f6 40. Bd6 Nb6 41. b5 Kd7 42. Bc5 Na4 43. Bf8 Kc7 44. Kc4 Kb6 45. Kb4 Nb2 46. Bc5+ Kb7 47. Bd4 Nd3+ 48. Kc4 Nf4 49. g3 Nh5 0-1


[Site "https://www.chess.com"]

[Event "Titled Tuesday Blitz June 13 Late 2023"]
[White "zano2023"]
[Black "Kubatko, Ivan"]
[BlackFideId "24111473"]
[WhiteElo "2114"]
[BlackElo "2285"]
[Result "0-1"]
[Round "9"]
[TimeControl "180+2"]
[Date "2023.06.13"]
[WhiteClock "0:00:00"]
[BlackClock "0:00:03"]
[Board "109"]

1. d4 d5 2. Nf3 c5 3. e3 Nf6 4. Nbd2 Nc6 5. c3 g6 6. Bd3 Bg7 7. O-O O-O 8. Re1 Nd7 9. b3 e5 10. dxe5 Ndxe5 11. Nxe5 Nxe5 12. Be2 d4 13. cxd4 cxd4 14. exd4 Qxd4 15. Rb1 Nd3 16. Bxd3 Qxd3 17. Ba3 Rd8 18. Nf3 Bf5 19. Qxd3 Rxd3 20. Rbd1 Rxd1 21. Rxd1 h6 22. h3 Re8 23. Bc1 Re2 24. Rd2 Rxd2 25. Bxd2 Bb1 26. a3 Ba2 27. b4 Kf8 28. Be3 a6 29. Bd4 f6 30. Kf1 Kf7 31. Ke1 Bf8 32. Kd2 Ke6 33. Kc3 Bd5 34. Ne1 g5 35. g3 h5 36. f4 h4 37. Bf2 Bh6 38. fxg5 hxg3 39. Bxg3 fxg5 40. Nd3 Bg7+ 41. Kd2 Kf5 42. Nf2 Bg2 43. Ke3 Bh6 44. Ke2 Bd5 45. h4 g4 46. Kd3 Bg7 47. Nd1 Bf3 48. Ne3+ Ke6 49. h5 Bh6 50. Nf1 Kf5 51. Ne3+ Kg5 52. Nc4 Kxh5 53. Ne5 Bd5 54. Kd4 Bg2 55. Bf2 Bg7 56. Bg3 Kg5 57. Kc5 Kf5 58. Nf7 Bc6 59. Nd6+ Ke6 60. Kb6 Be5 61. Bxe5 Kxe5 62. Nc4+ Kd4 63. Nd2 g3 0-1


[Site "https://www.chess.com"]

[Event "Titled Tuesday Blitz June 13 Late 2023"]
[White "Maluco_do_Natal_00"]
[Black "Goncalves, Davi Sulzbacher"]
[BlackFideId "2154510"]
[WhiteElo "2107"]
[BlackElo "2182"]
[Result "0-1"]
[Round "9"]
[TimeControl "180+2"]
[Date "2023.06.13"]
[WhiteClock "0:00:00"]
[BlackClock "0:00:54"]
[Board "110"]

1. e4 d5 2. exd5 Qxd5 3. Nc3 Qe6+ 4. Be2 Nf6 5. Nf3 g6 6. O-O Bg7 7. d4 O-O 8. Nb5 Na6 9. c4 c5 10. d5 Qb6 11. a4 Bf5 12. a5 Qd8 13. Nh4 Bd7 14. Nc3 Nb4 15. Bf4 Rc8 16. Re1 h6 17. Bg3 e6 18. dxe6 Bxe6 19. Nf3 Nd7 20. Rc1 Qxa5 21. h3 Rfd8 22. Qb3 b5 0-1


[Site "https://www.chess.com"]

[Event "Titled Tuesday Blitz June 13 Late 2023"]
[White "Myers, Dominique"]
[Black "Ricaurte Lopez, Juan Carlos"]
[WhiteFideId "2041715"]
[BlackFideId "3600327"]
[WhiteElo "1951"]
[BlackElo "2200"]
[Result "0-1"]
[Round "9"]
[TimeControl "180+2"]
[Date "2023.06.13"]
[WhiteClock "0:01:49"]
[BlackClock "0:01:37"]
[Board "111"]

1. e4 e5 2. Nf3 d5 3. exd5 e4 4. Qe2 Nf6 5. Nc3 Be7 6. Ng5 O-O 7. g3 Bg4 8. Qe3 Nxd5 9. Nxd5 Qxd5 10. Nxe4 Bc5 11. Nxc5 Qxh1 12. d4 Nc6 13. Qc3 Bh3 14. Qc4 Nxd4 15. Be3 Nxc2+ 16. Qxc2 Qxf1+ 17. Kd2 Qxa1 18. Nd3 Rad8 19. Ke2 Bf1+ 0-1


[Site "https://www.chess.com"]

[Event "Titled Tuesday Blitz June 13 Late 2023"]
[White "Ladan, Nicholas"]
[Black "Kaufman, Raymond"]
[WhiteFideId "30918855"]
[BlackFideId "2015056"]
[WhiteElo "2167"]
[BlackElo "2264"]
[Result "0-1"]
[Round "9"]
[TimeControl "180+2"]
[Date "2023.06.13"]
[WhiteClock "0:00:02"]
[BlackClock "0:00:58"]
[Board "112"]

1. b4 c6 2. Bb2 Qb6 3. a3 a5 4. c3 d5 5. Nf3 Nf6 6. e3 g6 7. Qb3 Na6 8. d4 Bg7 9. Nbd2 Nc7 10. c4 axb4 11. axb4 Rxa1+ 12. Bxa1 O-O 13. Bd3 Bf5 14. Bxf5 gxf5 15. O-O Ra8 16. Bb2 e6 17. Ne5 Bf8 18. c5 Qb5 19. Ra1 Rxa1+ 20. Bxa1 Qe2 21. Bc3 Bh6 22. g3 Nb5 23. Nf1 Ne4 24. Qa2 Qxa2 0-1


[Site "https://www.chess.com"]

[Event "Titled Tuesday Blitz June 13 Late 2023"]
[White "SicilianPanzer"]
[Black "liwadas82"]
[WhiteElo "2249"]
[BlackElo "2415"]
[Result "0-1"]
[Round "9"]
[TimeControl "180+2"]
[Date "2023.06.13"]
[WhiteClock "0:00:42"]
[BlackClock "0:02:04"]
[Board "113"]

1. e4 e5 2. Nf3 Nc6 3. Nc3 Nf6 4. a3 g6 5. d4 exd4 6. Nxd4 Bg7 7. Be3 O-O 8. Be2 Re8 9. Nxc6 bxc6 10. Bf3 Ba6 11. Qd2 Rb8 12. O-O-O d6 13. g4 d5 14. g5 Nxe4 15. Nxe4 Bxb2+ 0-1


[Site "https://www.chess.com"]

[Event "Titled Tuesday Blitz June 13 Late 2023"]
[White "rikchessmx"]
[Black "KorolDimitriy75"]
[WhiteElo "2294"]
[BlackElo "2398"]
[Result "0-1"]
[Round "9"]
[TimeControl "180+2"]
[Date "2023.06.13"]
[WhiteClock "0:00:26"]
[BlackClock "0:00:08"]
[Board "114"]

1. e4 c5 2. Nf3 d6 3. d4 cxd4 4. Nxd4 Nf6 5. Nc3 g6 6. f4 Nbd7 7. Bc4 Bg7 8. Qf3 O-O 9. Be3 a6 10. O-O-O Nb6 11. Bb3 Bg4 12. Qg3 Bxd1 13. Rxd1 Qc7 14. h3 Nc4 15. Bg1 Rac8 16. Qd3 b5 17. g4 e6 18. g5 Nh5 19. f5 Be5 20. fxe6 Nf4 21. exf7+ Rxf7 22. Qf1 Kh8 23. Qe1 Nxh3 24. Nd5 Qd8 25. Ne6 Qe7 26. Nd4 Qxg5+ 27. Kb1 Qxg1 28. Qe2 Qg3 29. a4 Nf4 30. Nxf4 Rxf4 31. axb5 Rf2 32. Qe1 Bxd4 33. Rxd4 Qe3 34. Qxe3 Nxe3 35. Rxd6 Nxc2 36. Rxa6 Nb4 37. Ra7 Rf1+ 0-1


[Site "https://www.chess.com"]

[Event "Titled Tuesday Blitz June 13 Late 2023"]
[White "Wang, Alexander J"]
[Black "Fajdetic, Hrvoje"]
[WhiteFideId "30955270"]
[BlackFideId "14501945"]
[WhiteElo "2247"]
[BlackElo "2185"]
[Result "1-0"]
[Round "9"]
[TimeControl "180+2"]
[Date "2023.06.13"]
[WhiteClock "0:00:22"]
[BlackClock "0:00:01"]
[Board "115"]

1. e4 c5 2. Nf3 a6 3. d4 cxd4 4. Nxd4 Nf6 5. Nc3 e5 6. Nde2 Bb4 7. Bd2 O-O 8. g3 d5 9. exd5 Bg4 10. Bg2 Bxc3 11. Bxc3 Qd7 12. h3 Bxe2 13. Qxe2 Nxd5 14. Bxe5 Nc6 15. O-O-O Nce7 16. Bxd5 Nxd5 17. Qd3 Rfd8 18. Kb1 Nb6 19. Qxd7 Rxd7 20. Rxd7 Nxd7 21. Bf4 Re8 22. Be3 Ne5 23. b3 f6 24. Rd1 Re7 25. Bc5 Rc7 26. Be3 Kf7 27. c4 h5 28. Bf4 Ke6 29. Re1 Kf5 30. Bxe5 fxe5 31. Rd1 Ke4 32. Re1+ Kf3 33. Rxe5 Kxf2 34. Rg5 Re7 35. Kb2 Rd7 36. Ka3 Re7 37. Kb4 b6 38. a4 Rb7 39. Ka3 Rc7 40. Kb4 Rb7 41. g4 h4 42. Rd5 Kg3 43. Rd3+ Kg2 44. a5 bxa5+ 45. Kxa5 Ra7 46. c5 Ra8 47. c6 Kf2 48. Kb6 Ke2 49. Rc3 Rf8 50. c7 1-0


[Site "https://www.chess.com"]

[Event "Titled Tuesday Blitz June 13 Late 2023"]
[White "Prieto Aranguren, Alain"]
[Black "Florianovitz, Derlei Alex"]
[WhiteFideId "2268906"]
[BlackFideId "2114178"]
[WhiteElo "2209"]
[BlackElo "1953"]
[Result "0-1"]
[Round "9"]
[TimeControl "180+2"]
[Date "2023.06.13"]
[WhiteClock "0:00:31"]
[BlackClock "0:01:04"]
[Board "116"]

1. e4 e6 2. d4 d5 3. exd5 exd5 4. Bd3 Bd6 5. Nf3 Bg4 6. O-O c6 7. c3 Qc7 8. Re1+ Ne7 9. h3 Bh5 10. Nbd2 Nd7 11. b4 O-O-O 12. a4 Rde8 13. a5 f6 14. Nb3 g5 15. Nc5 Bxc5 16. bxc5 g4 17. Nh2 f5 18. a6 b6 19. cxb6 Nxb6 20. Ba3 Rhf8 21. Re6 Ng6 22. Rxe8+ Rxe8 23. Bxf5+ Kb8 24. hxg4 Nh4 25. Bxh7 Bg6 26. Bxg6 Nxg6 27. Qd2 Nc4 28. Rb1+ Ka8 29. Qa2 Nf4 30. Bc5 Ne2+ 31. Kh1 Qxh2+ 32. Kxh2 Rh8# 0-1


[Site "https://www.chess.com"]

[Event "Titled Tuesday Blitz June 13 Late 2023"]
[White "Shapiro, Daniel"]
[Black "Osmonbekov, Talaibek"]
[WhiteFideId "2001780"]
[BlackFideId "2017253"]
[WhiteElo "2328"]
[BlackElo "2135"]
[Result "1-0"]
[Round "9"]
[TimeControl "180+2"]
[Date "2023.06.13"]
[WhiteClock "0:00:07"]
[BlackClock "0:00:00"]
[Board "117"]

1. d4 e6 2. c4 f5 3. Nf3 Nf6 4. Qc2 Be7 5. Nc3 d5 6. Bf4 c6 7. e3 O-O 8. h3 Ne4 9. Bd3 Nd7 10. O-O h6 11. Bh2 Qe8 12. Ne2 Ndf6 13. Ne5 Bd7 14. f3 Nd6 15. b3 Rc8 16. g4 b6 17. Kh1 c5 18. Rg1 cxd4 19. exd4 dxc4 20. bxc4 Bc6 21. gxf5 exf5 22. Bxf5 Nxf5 23. Qxf5 Qh5 24. Qe6+ Kh7 25. Nxc6 Qxf3+ 26. Rg2 Rxc6 27. Qxe7 Nh5 28. c5 Rf7 29. Qh4 bxc5 30. Qg4 1-0


[Site "https://www.chess.com"]

[Event "Titled Tuesday Blitz June 13 Late 2023"]
[White "Sala, Giulia"]
[Black "Sanchez, Robert"]
[WhiteFideId "2840451"]
[BlackFideId "2034360"]
[WhiteElo "1769"]
[BlackElo "1979"]
[Result "1-0"]
[Round "9"]
[TimeControl "180+2"]
[Date "2023.06.13"]
[WhiteClock "0:00:54"]
[BlackClock "0:00:09"]
[Board "118"]

1. d4 Nf6 2. Bf4 e6 3. e3 d5 4. Nf3 c5 5. Nbd2 Nc6 6. c3 Bd6 7. Bg3 O-O 8. Bd3 Qe7 9. Ne5 Nd7 10. Nxd7 Bxd7 11. Bxd6 Qxd6 12. dxc5 Qxc5 13. Bxh7+ Kxh7 14. Qh5+ Kg8 15. Ne4 Qb5 16. Ng5 Rfd8 17. Qxf7+ Kh8 18. f4 Qd3 19. Kf2 Qf5 20. Qxf5 exf5 21. Nf7+ Kg8 22. Nxd8 Rxd8 23. Rad1 Be6 24. c4 dxc4 25. Rxd8+ Nxd8 26. Rd1 Nf7 27. Kf3 Kf8 28. e4 fxe4+ 29. Kxe4 Ke7 30. h3 Nd6+ 31. Kf3 Bf5 32. g4 Bd3 33. Ke3 Ne4 34. h4 b5 35. h5 Kf6 36. Kd4 Nf2 37. Rg1 a5 38. g5+ Kf7 39. h6 gxh6 40. gxh6 b4 41. Rg7+ Kf8 42. Ra7 b3 43. axb3 cxb3 44. h7 Bxh7 45. Rxh7 Nd1 46. Rh2 a4 47. Rd2 Nxb2 48. Rxb2 1-0


[Site "https://www.chess.com"]

[Event "Titled Tuesday Blitz June 13 Late 2023"]
[White "Quirke, Jeffrey"]
[Black "Gerbelli Neto, Eduardo"]
[WhiteFideId "2013029"]
[BlackFideId "2103281"]
[WhiteElo "2223"]
[BlackElo "2178"]
[Result "0-1"]
[Round "9"]
[TimeControl "180+2"]
[Date "2023.06.13"]
[WhiteClock "0:00:00"]
[BlackClock "0:00:13"]
[Board "119"]

1. e4 e5 2. d4 exd4 3. Qxd4 Nc6 4. Qe3 g6 5. Nc3 Bg7 6. Bd2 Nf6 7. O-O-O O-O 8. f4 d5 9. exd5 Nxd5 10. Nxd5 Qxd5 11. Qb3 Be6 12. Bc3 Qxb3 13. axb3 Rfd8 14. Rxd8+ Rxd8 15. Nf3 Bd5 16. Bxg7 Bxf3 17. gxf3 Kxg7 18. c3 Ne7 19. Kc2 f5 20. Bc4 Kf6 21. Re1 Rd6 22. b4 c6 23. h4 b5 24. Bb3 h6 25. Ra1 Rd7 26. Re1 Nd5 27. Bxd5 Rxd5 28. Re8 Rd7 29. Rc8 Rd6 30. Rc7 g5 31. hxg5+ hxg5 32. fxg5+ Kxg5 33. Rxa7 Kf4 34. Rf7 Rd5 35. b3 Kxf3 36. c4 bxc4 37. bxc4 Re5 38. Kc3 f4 39. Kd4 Rh5 40. c5 Kg3 41. Ke4 Rh4 42. Rg7+ Kf2 43. b5 f3+ 44. Kd3 cxb5 45. c6 Rc4 46. c7 Kf1 47. Rg5 Rxc7 48. Rxb5 Re7 49. Rf5 f2 50. Kd2 Re4 51. Rf7 Kg2 52. Rg7+ Kf3 53. Rf7+ Kg2 54. Rg7+ Kf1 0-1


[Site "https://www.chess.com"]

[Event "Titled Tuesday Blitz June 13 Late 2023"]
[White "Cluke86"]
[Black "Francisco_Ferrari"]
[WhiteElo "2218"]
[BlackElo "2315"]
[Result "0-1"]
[Round "9"]
[TimeControl "180+2"]
[Date "2023.06.13"]
[WhiteClock "0:00:04"]
[BlackClock "0:00:07"]
[Board "120"]

1. e4 c5 2. Nc3 d6 3. f4 a6 4. Nf3 b5 5. a4 b4 6. Nd5 Bb7 7. Bc4 e6 8. Ne3 Bxe4 9. d3 Bb7 10. c3 Nc6 11. O-O Nf6 12. f5 d5 13. fxe6 fxe6 14. Ng5 Qd7 15. Bb3 Bd6 16. a5 O-O 17. Ba4 h6 18. Nf3 Qc7 19. cxb4 Nxb4 20. d4 cxd4 21. Qxd4 e5 22. Qb6 Qxb6 23. axb6 Rac8 24. Bd2 Nd3 25. Nf5 Bc5+ 26. Kh1 Ng4 27. h3 Ngf2+ 28. Kh2 Rxf5 29. Bd7 Rcf8 30. Be6+ Kh7 31. Bxf5+ Rxf5 32. b4 Bxb6 33. Nh4 Rf7 34. Ra2 e4 35. Bc3 d4 36. Ba1 e3 37. Re2 Ng4+ 38. hxg4 Rxf1 39. Nf5 Nf2 40. Nxd4 Nxg4+ 41. Kg3 Rxa1 42. Kxg4 Bxd4 0-1


[Site "https://www.chess.com"]

[Event "Titled Tuesday Blitz June 13 Late 2023"]
[White "Slovineanu, Viacheslav"]
[Black "campochess"]
[WhiteFideId "13900510"]
[WhiteElo "2312"]
[BlackElo "2213"]
[Result "1-0"]
[Round "9"]
[TimeControl "180+2"]
[Date "2023.06.13"]
[WhiteClock "0:00:33"]
[BlackClock "0:00:34"]
[Board "121"]

1. d4 Nf6 2. Nf3 g6 3. Nbd2 d5 4. e3 Bg7 5. b4 a5 6. b5 a4 7. Ba3 O-O 8. c4 b6 9. Be2 Bf5 10. Rc1 Re8 11. O-O Ne4 12. cxd5 Nd6 13. Ne5 Bxe5 14. dxe5 Nb7 15. e4 Bd7 16. Qc2 Ra5 17. Qxc7 Qxc7 18. Rxc7 Nc5 19. Rb1 Rd8 20. Bxc5 bxc5 21. b6 Na6 22. Bxa6 Rxa6 23. b7 1-0


[Site "https://www.chess.com"]